 Dungeon Crawl Stone Soup version 0.24-a0-118-g3d66cf40a6 (webtiles) character file.

Game seed: 0

2851 Roikka the Merchant of Misery (level 9, -4/64 HPs)
             Began as a Mummy Necromancer on Feb 19, 2019.
             Was a Believer of Kikubaaqudgha.
             Slain by a killer bee (10 damage)
             ... on level 7 of the Dungeon.
             The game lasted 00:48:47 (12337 turns).

Roikka the Merchant of Misery (Mummy Necromancer)  Turns: 12337, Time: 00:48:47

Health: -4/64      AC: 10    Str: 11    XL:     9   Next: 46%
Magic:  3/19       EV: 12    Int: 17    God:    Kikubaaqudgha [**....]
Gold:   365        SH:  0    Dex: 15    Spells: 11/22 levels left

rFire    x . .     SeeInvis .   b - +1 halberd (flame)
rCold    + . .     Gourm    .   (shield currently unavailable)
rNeg     + + +     Faith    .   m - +1 robe of Patience {Dex+2}
rPois    ∞         Spirit   .   f - +0 helmet
rElec    .         Reflect  .   x - +0 cloak
rCorr    .         Harm     .   i - +0 pair of gloves
MR       ++...                  p - +2 pair of boots
Stlth    ++........             (no amulet)
HPRegen  0.20/turn              r - ring of flight
MPRegen  0.16/turn              y - ring of protection from magic

@: about to teleport, very slightly contaminated
A: no food or potions, fire vulnerability, cold resistance 1, negative energy
resistance 3, torment resistance, unbreathing
a: Receive Corpses, Renounce Religion, Evoke Flight


You were on level 7 of the Dungeon.
You worshipped Kikubaaqudgha.
Kikubaaqudgha was pleased with you.
You were not hungry.

You visited 2 branches of the dungeon, and saw 8 of its levels.

You collected 365 gold pieces.

Inventory:

Hand Weapons
 a - a +1 hunting sling
 b - a +1 halberd of flaming (weapon)
 g - a +0 glaive
 w - a +0 short sword of speed
Missiles
 q - 4 throwing nets (quivered)
 s - 21 sling bullets
 u - 3 javelins of returning
Armour
 f - a +0 helmet (worn)
 i - a +0 pair of gloves (worn)
 m - the +1 robe of Patience (worn) {Dex+2}
   (You found it on level 4 of the Dungeon)

   It affects your dexterity (+2).
 p - a +2 pair of boots (worn)
 x - a +0 cloak (worn)
Jewellery
 r - a ring of flight (left hand)
 y - a ring of protection from magic (right hand)
Wands
 c - a wand of polymorph (5)
 e - a wand of digging (5)
 k - a wand of disintegration (26)
 n - a wand of random effects (15)
 o - a wand of flame (17)
 t - a wand of iceblast (10)
Scrolls
 d - a scroll of enchant weapon
 h - a scroll of teleportation
 j - 2 scrolls of identify
 l - 3 scrolls of remove curse
 v - a scroll of amnesia


   Skills:
 + Level 3.5 Fighting
 * Level 5.9 Armour
 - Level 1.5 Dodging
 - Level 1.5 Stealth
 + Level 7.2 Spellcasting
 - Level 8.0 Necromancy
 * Level 4.0 Evocations


You had 11 spell levels left.
You knew the following spells:

 Your Spells              Type           Power        Failure   Level  Hunger
a - Pain                  Necr           ####         1%          1    N/A
b - Animate Skeleton      Necr           N/A          1%          1    N/A
c - Vampiric Draining     Necr           ####......   1%          3    N/A
d - Animate Dead          Necr           N/A          4%          4    N/A
e - Corpse Rot            Necr           N/A          1%          2    N/A

Your spell library contained the following spells:

 Spells                   Type           Power        Failure   Level  Hunger
 Regeneration             Chrm/Necr      Unusable     N/A         3    N/A

Dungeon Overview and Level Annotations

Branches:
Dungeon (7/15)             Temple (1/1) D:5

Altars:
Ashenzari
Cheibriados
Dithmenos
Elyvilon
Fedhas
Gozag
Hepliaklqana
Kikubaaqudgha
Makhleb
Nemelex Xobeh
Okawaru
Qazlal
Ru
Sif Muna
Trog
Uskayaw
Vehumet
Wu Jian
Xom
Yredelemnul
Zin
The Shining One

Shops:
D:4 *   D:5 }

Annotations:
D:7 Harold


Innate Abilities, Weirdness & Mutations

You do not eat or drink.
Your flesh is vulnerable to fire.
You are immune to poison.
Your flesh is cold resistant. (rC+)
You are immune to negative energy. (rN+++)
You are immune to unholy pain and torment.
You can survive without breathing.


Message History

The portcullis has been lowered almost to the ground.
The killer bee stings you. x2; The killer bee barely misses you.
The killer bee misses you.
The killer bee stings you but does no damage.
The killer bee stings you. The killer bee closely misses you.
The killer bee stings you but does no damage.
The killer bee stings you.
* * * LOW HITPOINT WARNING * * *
The killer bee stings you!
* * * LOW HITPOINT WARNING * * *
The killer bee closely misses you.
As you read the scroll of teleportation, it crumbles to dust.
You feel strangely unstable. The killer bee misses you.
The killer bee stings you but does no damage.
The killer bee stings you.
* * * LOW HITPOINT WARNING * * *
The killer bee barely misses you. The killer bee stings you!
You die...
Kikubaaqudgha rasps: "You have failed me!
Welcome... oblivion!"

*,,,,,* #.##.##..# *,,,*
*,,,,,* #.##.#.>.# *.#,*
*,,,,,* #....#.### *..,*
#.....#
#.####.#######.#**
#.....###### #.Z.....#.#
#.....##...# #######.#.#
#.....##..%# #.#.#
#.....##...##########.#.#
#.....##...yy@..........#
#%....##...y#########.###
#....)†'....# #.#
#.######!...# #.# *,*
#....# #.# *,* #....#
#######.# ****,* #...##
#....##.# ,,,,,* #...#
#.##Z##.# ****** #...#
#..#Z##.#


You could see 3 killer bees.

Vanquished Creatures
  A hippogriff (D:7)
  A sky beast (D:6)
  5 ogres
  A phantom (D:5)
  A centaur (D:5)
  Blork the orc (D:6)
  2 scorpions
  3 killer bees (D:7)
  2 howler monkeys
  A crimson imp (D:6)
  A bullfrog zombie (D:6)
  A hound (D:5)
  3 jellies
  A gnoll shaman (D:5)
  4 orc priests
  4 orc wizards
  2 centaur skeletons (D:4)
  Terence (D:2)
  Jessica (D:2)
  An iguana (D:7)
  5 worker ants
  Natasha (twice) (D:4)
  2 hound skeletons (D:6)
  A worker ant zombie (D:5)
  Robin (D:1)
  34 gnolls
  6 adders
  A shadow imp (D:6)
  2 oozes
  3 adder skeletons
  7 worms
  5 leopard geckos
  12 orcs
  4 ball pythons
  4 giant cockroaches
  9 goblins
  12 hobgoblins
  17 jackals
  A quokka (D:3)
  11 bats
  2 frilled lizards (D:1)
  5 kobolds
  2 leopard gecko skeletons
  A quokka skeleton (D:5)
  6 rats
192 creatures vanquished.

Vanquished Creatures (collateral kills)
  An ogre (D:7)
  A bullfrog (D:6)
  A centaur zombie (D:5)
  Natasha (D:4)
  3 worker ants
  A hound skeleton (D:5)
  16 gnolls
  An adder (D:2)
  An adder zombie (D:5)
  An adder skeleton (D:4)
  2 orcs (D:5)
  A goblin (D:2)
  A hobgoblin (D:2)
  3 jackals (D:5)
  A bat (D:3)
  2 frilled lizards
  A jackal skeleton (D:5)
  A kobold (D:1)
  A rat (D:1)
40 creatures vanquished.

Vanquished Creatures (others)
  A goblin (D:2)
1 creature vanquished.

Grand Total: 233 creatures vanquished

Notes
Turn   | Place    | Note
-------+----------+-------------------------------------------
     0 | D:1      | Roikka the Mummy Necromancer began the quest for the Orb.
     0 | D:1      | Reached XP level 1. HP: 13/13 MP: 4/4
     2 | D:1      | Learned a level 1 spell: Animate Skeleton
   266 | D:1      | Reached XP level 2. HP: 15/20 MP: 2/5
   892 | D:1      | Reached skill level 1 in Fighting
  1330 | D:2      | Reached XP level 3. HP: 26/26 MP: 4/7
  1335 | D:2      | Learned a level 3 spell: Vampiric Draining
  1345 | D:2      | Noticed Robin
  1375 | D:1      | HP: 1/26 [goblin[Robin] (3)]
  1423 | D:1      | HP: 1/26 [goblin[Robin] (4)]
  1997 | D:1      | Killed Robin
  1997 | D:1      | Reached skill level 5 in Necromancy
  2024 | D:2      | Reached XP level 4. HP: 32/32 MP: 7/9
  2121 | D:2      | Found a sparkling altar of Nemelex Xobeh.
  2221 | D:2      | Learned a level 4 spell: Animate Dead
  2270 | D:2      | Noticed Terence
  2291 | D:2      | Killed Terence
  2458 | D:2      | Noticed Jessica
  2506 | D:2      | Killed Jessica
  2506 | D:2      | Reached XP level 5. HP: 36/37 MP: 0/11
  2987 | D:2      | Reached skill level 1 in Armour
  3384 | D:3      | Found a white marble altar of Elyvilon.
  3875 | D:4      | Got a brightly glowing robe
  3886 | D:4      | Identified the +1 robe of Patience {Dex+2} (You found it on
                  | level 4 of the Dungeon)
  3984 | D:4      | Noticed Natasha
  3986 | D:4      | Noticed an ogre
  4309 | D:4      | Found Jigeg's Lightly-Used Armoury.
  4311 | D:4      | Got a warped bronze ring
  4312 | D:4      | Identified the ring of the Everdark {rF++ rN+ Str+2 Slay-6
                  | SInv} (You found it on level 4 of the Dungeon)
  4649 | D:4      | Reached XP level 6. HP: 38/43 MP: 0/12
  4758 | D:4      | Killed Natasha
  4758 | D:4      | Reached skill level 6 in Necromancy
  4819 | D:4      | Noticed Natasha
  4824 | D:4      | Killed Natasha
  4896 | D:4      | Noticed Natasha
  4905 | D:4      | Killed Natasha
  5088 | D:4      | Reached XP level 7. HP: 45/48 MP: 6/14
  5093 | D:4      | Reached skill level 5 in Spellcasting
  5413 | D:5      | Entered Level 5 of the Dungeon
  5736 | D:5      | Found a staircase to the Ecumenical Temple.
  5779 | Temple   | Entered the Ecumenical Temple
  5784 | Temple   | Became a worshipper of Kikubaaqudgha
  5807 | D:5      | Reached skill level 7 in Necromancy
  6784 | D:5      | Reached XP level 8. HP: 40/54 MP: 9/16
  6938 | D:5      | Found Jukitel's Gadget Boutique.
  8296 | D:5      | Reached skill level 1 in Evocations
  8429 | D:5      | Reached * piety under Kikubaaqudgha
  8429 | D:5      | Identified Kikubaaqudgha's Almanac of Evil Secrets
                  | (Kikubaaqudgha gifted it to you on level 5 of the Dungeon)
  8429 | D:5      | Received a gift from Kikubaaqudgha
  8630 | D:5      | Learned a level 2 spell: Corpse Rot
  9410 | D:5      | Reached skill level 8 in Necromancy
  9515 | D:5      | Reached ** piety under Kikubaaqudgha
 10082 | D:6      | Noticed Blork the orc
 10257 | D:6      | Reached skill level 5 in Armour
 10643 | D:6      | Reached XP level 9. HP: 50/62 MP: 7/19
 10945 | D:6      | Killed Blork the orc
 11819 | D:7      | Noticed Harold
 12337 | D:7      | Slain by a killer bee

Levels and vault maps discovered:
D:1:      giann_horns, layout_basic
D:2:      layout_loops_corners, first_ration, lemuel_tele_altar, uniq_robin,
          uniq_terence, uniq_jessica
D:3:      layout_rooms, old_standard_altar
D:4:      layout_rooms, portal_sewer_entry_e, minmay_shop_damaged, uniq_natasha
D:5:      lemuel_castle_with_subvaults [lemuel_castle_interior_original],
          layout_basic, minmay_temple_entry_trees, serial_shops,
          nicolae_shop_crystal
D:6:      layout_basic, uniq_blork_the_orc
D:7:      layout_basic, serial_shops, shop_fountains, enter_bailey_1,
          minmay_unpleasant_kobolds, uniq_harold
Temple:   nicolae_temple_the_god_donut

Skill      XL: |  1  2  3  4  5  6  7  8  9 |
---------------+----------------------------+-----
Spellcasting   | 3 4 5 6 7 |  7.2
Fighting       | 1 2 3 |  3.5
Necromancy     | 5 6 7 8 |  8.0
Armour         | 2 4 5 |  5.9
Evocations     | 2 4 |  4.0
Dodging        | |  1.5
Stealth        | |  1.5

Action                   |  1- 3 |  4- 6 |  7- 9 || total
-------------------------+-------+-------+-------++-------
Melee: Short sword       |    13 |   114 |   194 ||   321
       Hand axe          |     4 |     4 |       ||     8
       Halberd           |       |       |    43 ||    43
 Fire: Hunting sling     |     4 |    96 |   271 ||   371
Throw: Stone             |     7 |       |       ||     7
 Cast: Pain              |    57 |    69 |   119 ||   245
       Animate Skeleton  |    13 |     8 |       ||    21
       Vampiric Draining |       |    11 |    43 ||    54
       Animate Dead      |       |    10 |    45 ||    55
Invok: Receive Corpses   |       |       |     1 ||     1
  Use: Scroll            |     3 |     3 |     8 ||    14
 Stab: Sleeping          |     1 |     2 |     1 ||     4
       Distracted        |       |     1 |       ||     1
Armor: Robe              |     8 |    44 |   104 ||   156
Dodge: Dodged            |    27 |   142 |   271 ||   440

Table legend:
 A = Non-vault XP
 B = Vault XP
 C = Vault XP percentage of total XP
 D = Non-vault monster count
 E = Vault monster count
 F = Vault count percentage of total count
                 A         B        C        D         E       F
            +---------+---------+-------+---------+---------+-------
      Total |    3111 |     962 |  23.6 |     156 |      77 |  33.0
            +---------+---------+-------+---------+---------+-------
        D:1 |      34 |      27 |  44.3 |      20 |       7 |  25.9
        D:2 |     102 |      80 |  44.0 |      26 |       6 |  18.8
        D:3 |      41 |       0 |   0.0 |      20 |       0 |   0.0
        D:4 |     488 |      70 |  12.5 |      18 |       4 |  18.2
        D:5 |     722 |     694 |  49.0 |      34 |      59 |  63.4
        D:6 |     816 |      91 |  10.0 |      23 |       1 |   4.2
        D:7 |     867 |       0 |   0.0 |      13 |       0 |   0.0
     Temple |      41 |       0 |   0.0 |       2 |       0 |   0.0
            +---------+---------+-------+---------+---------+-------
